 Dungeon Crawl Stone Soup version 0.23.2-40-g277498a001 (webtiles) character file.

Game seed: 517632383575353001

826 Gildeon the Caller (level 8, 0/52 HPs)
             Began as a Human Summoner on Oct 9, 2019.
             Was a Follower of Nemelex Xobeh.
             Slain by Eustachio
             ... wielding a +0 rapier of venom
              (3 damage)
             ... on level 6 of the Dungeon on Oct 10, 2019.
             The game lasted 00:48:13 (6102 turns).

Gildeon the Caller (Human Summoner)                 Turns: 6102, Time: 00:48:13

Health: 0/52       AC:  6    Str:  9    XL:     8   Next: 17%
Magic:  12/14      EV: 14    Int: 18    God:    Nemelex Xobeh [*.....]
Gold:   137        SH:  4    Dex: 13    Spells: 0/15 levels left

rFire    . . .     SeeInvis .   l - +0 spear
rCold    + . .     Gourm    .   g - +0 buckler
rNeg     + + .     Faith    .   z - +2 robe {rN+}
rPois    .         Spirit   .   (no helmet)
rElec    .         Reflect  .   b - +0 cloak
rCorr    .         Harm     .   (no gloves)
MR       .....                  e - +0 pair of boots
Stlth    ++........             f - amulet of regeneration
HPRegen  0.57/turn              j - ring of positive energy
MPRegen  0.14/turn              q - ring of protection from cold

@: lethally poisoned (0 -> -1), hasted, very quick
A: no striking features
a: Draw Escape, Draw Destruction, Draw Summoning, Renounce Religion


You were on level 6 of the Dungeon.
You worshipped Nemelex Xobeh.
Nemelex Xobeh was aware of your devotion.
You were not hungry.

You visited 2 branches of the dungeon, and saw 7 of its levels.
You also visited: Sewer.

You collected 137 gold pieces.

Inventory:

Hand Weapons
 l - a +0 spear (weapon)
Missiles
 s - 58 arrows
Armour
 b - a +0 cloak (worn)
 e - a +0 pair of boots (worn)
 g - a +0 buckler (worn)
 y - a +3 leather armour
 z - a +2 robe of positive energy (worn)
Magical Staves
 u - an uncursed staff of cold
Jewellery
 f - an amulet of regeneration (around neck)
 j - a ring of positive energy (left hand)
 q - a ring of protection from cold (right hand)
Wands
 x - a wand of acid (8)
Scrolls
 h - a scroll of fear
 i - 3 scrolls of remove curse
 o - a scroll of teleportation
 r - a scroll of noise {unknown}
 t - a scroll of enchant armour {unknown}
 v - 2 scrolls of blinking {unknown}
Potions
 d - a potion of flight
 k - a potion of haste
 m - 3 potions of heal wounds
 n - a potion of mutation {unknown}
 p - 3 potions of curing
Comestibles
 c - 12 rations


   Skills:
 + Level 4.6 Dodging
 + Level 3.9 Stealth
 + Level 2.8 Shields
 + Level 4.3 Spellcasting
 - Level 2.1 Hexes
 - Level 5.0 Summonings
 + Level 0.9 Transmutations


You couldn't memorise any spells.
You knew the following spells:

 Your Spells              Type           Power        Failure   Level  Hunger
a - Summon Small Mammal   Summ           ###.         1%          1    None
b - Call Imp              Summ           ###.....     3%          2    ##.....
c - Sticks to Snakes      Tmut           #.......     17%         2    ##.....
d - Call Canine Familiar  Summ           ###.....     6%          3    ###....
e - Summon Guardian Gole  Hex/Summ       ###.....     12%         3    ###....
f - Summon Ice Beast      Ice/Summ       ##......     50%         4    ####...

Your spell library contained the following spells:

 Spells                   Type           Power        Failure   Level  Hunger
 Confusing Touch          Hex            ##....       7%          1    None
 Beastly Appendage        Tmut           #.....       11%         1    None
 Confuse                  Hex            ##......     21%         3    ###....
 Spider Form              Tmut/Pois      #.........   36%         3    ###....
 Gell's Gravitas          Tloc           #.........   43%         3    ###....
 Summon Lightning Spire   Summ/Air       ##......     50%         4    ####...
 Ice Form                 Ice/Tmut       #.......     78%         4    ####...
 Petrify                  Tmut/Erth      #.......     78%         4    ####...
 Yara's Violent Unravell  Hex/Tmut       #.........   94%         5    ######.
 Metabolic Englaciation   Hex/Ice        #.........   96%         5    ######.
 Blade Hands              Tmut           #.........   97%         5    ######.


Dungeon Overview and Level Annotations

Branches:
Dungeon (6/15)             Temple (1/1) D:4

Altars:
Dithmenos
Elyvilon
Fedhas
Gozag
Hepliaklqana
Kikubaaqudgha
Nemelex Xobeh
Okawaru
Qazlal
Ru
Sif Muna
Trog
Uskayaw
Vehumet
Wu Jian
Xom
Yredelemnul
Zin

Annotations:
D:5 Sigmund
D:6 Eustachio


Message History

Eustachio closely misses you.
You closely miss Eustachio.
Eustachio is almost dead.
You feel sick. The bat completely misses you. You block the quokka's attack.
The crimson imp hits you but does no damage.
The iron imp hits you.
* * * LOW HITPOINT WARNING * * *
Eustachio barely misses you. The iron imp hits you.
* * * LOW HITPOINT WARNING * * *
You draw a card...
You have drawn the Illusion.
Suddenly you stand beside yourself. The bat hits you but does no damage.
The quokka bites you.
* * * LOW HITPOINT WARNING * * *
The bat closely misses you.
You barely miss Eustachio.
Eustachio is almost dead.
The bat misses you. The crimson imp misses you.
Eustachio hits you with a +0 rapier of venom.
You die...
Your body disappears without a glow.

#.#################.#
### #...####
###.#####.. ###....#
###.........# ####.#
##...#...##### #.#
##..#####...
#.######..## ####.#
#....h...## .#
#####55.## # #@r##
....rr@b5@......
##############..


You could see Eustachio, a hound, 2 iron imps, a crimson imp, a river rat, 2
quokkas, a bat and the friendly Gildeon's illusion.

Vanquished Creatures
  Blork the orc (D:5)
  2 jellies
  2 orc wizards
  4 adders
  A gnoll (D:4)
  A shadow imp (D:5)
  An adder zombie (D:5)
  4 worms (D:2)
  2 dart slugs (D:2)
  2 leopard geckos
  3 orcs
  3 giant cockroaches
  2 goblins
  4 hobgoblins
  8 jackals
  A quokka (D:3)
  6 bats
  5 frilled lizards
  4 kobolds
  6 rats
62 creatures vanquished.

Vanquished Creatures (collateral kills)
  Purgy (Sewer)
  A phantom (D:5)
  An ogre (D:5)
  2 howler monkeys
  A crimson imp (D:5)
  A bullfrog skeleton (D:4)
  An orc wizard (D:5)
  6 gnolls
  An ooze (D:1)
  2 worms
  A dart slug (D:1)
  4 leopard geckos
  6 orcs
  A giant cockroach (D:1)
  2 goblins
  2 hobgoblins
  2 jackals
  A quokka (D:6)
  A bat (D:2)
  4 frilled lizards
  4 kobolds
  7 rats
52 creatures vanquished.

Vanquished Creatures (others)
  Grinder (D:5)
  Menkaure (D:5)
  A gnoll (D:5)
  A ball lightning (D:5)
4 creatures vanquished.

Grand Total: 118 creatures vanquished

Notes
Turn   | Place    | Note
-------+----------+-------------------------------------------
     0 | D:1      | Gildeon the Human Summoner began the quest for the Orb.
     0 | D:1      | Reached XP level 1. HP: 13/13 MP: 3/3
   435 | D:1      | Reached XP level 2. HP: 12/19 MP: 1/5
   481 | D:1      | Learned a level 2 spell: Call Imp
   939 | D:1      | Reached XP level 3. HP: 24/24 MP: 3/6
   944 | D:1      | Learned a level 3 spell: Call Canine Familiar
  1183 | D:2      | Found a radiant altar of Vehumet.
  1183 | D:2      | Found a bloodstained altar of Trog.
  1391 | D:2      | Found an opulent altar of Gozag.
  1397 | D:2      | Found a basalt altar of Yredelemnul.
  1397 | D:2      | Found a stormy altar of Qazlal.
  1417 | D:2      | Found an iron altar of Okawaru.
  1456 | D:2      | Reached XP level 4. HP: 30/30 MP: 5/7
  2599 | D:3      | Found a glowing drain.
  2624 | Sewer    | Entered a sewer
  2753 | Sewer    | Noticed Purgy
  2768 | Sewer    | Killed Purgy
  2768 | Sewer    | Reached skill level 5 in Summonings
  2768 | Sewer    | Reached XP level 5. HP: 20/35 MP: 9/9
  2801 | D:3      | Learned a level 3 spell: Summon Guardian Golem
  2898 | D:3      | Reached XP level 6. HP: 32/41 MP: 9/11
  3832 | D:4      | Learned a level 2 spell: Sticks to Snakes
  3857 | D:4      | Found a staircase to the Ecumenical Temple.
  3864 | Temple   | Entered the Ecumenical Temple
  3877 | Temple   | Became a worshipper of Nemelex Xobeh the Trickster
  3956 | D:4      | Reached skill level 1 in Shields
  3965 | D:4      | Reached skill level 1 in Hexes
  4454 | D:5      | Entered Level 5 of the Dungeon
  4561 | D:5      | Received a gift from Nemelex Xobeh
  4923 | D:5      | Noticed a phantom
  4946 | D:5      | Killed a phantom
  4946 | D:5      | Reached XP level 7. HP: 46/46 MP: 4/12
  4994 | D:5      | Received a gift from Nemelex Xobeh
  5026 | D:5      | Found a basalt altar of Yredelemnul.
  5149 | D:5      | Noticed Grinder
  5159 | D:5      | Noticed Menkaure
  5168 | D:5      | Killed Menkaure
  5168 | D:5      | Killed Grinder
  5259 | D:5      | Noticed Sigmund
  5298 | D:5      | Reached * piety under Nemelex Xobeh
  5321 | D:5      | Reached XP level 8. HP: 52/52 MP: 11/14
  5370 | D:5      | Learned a level 4 spell: Summon Ice Beast
  5376 | D:5      | Noticed Blork the orc
  5391 | D:5      | Killed Blork the orc
  5867 | D:6      | Noticed a human
  5867 | D:6      | Noticed a human
  5868 | D:6      | Noticed a human
  6026 | D:6      | Received a gift from Nemelex Xobeh
  6039 | D:6      | Noticed Eustachio
  6102 | D:6      | Slain by Eustachio

Skill      XL: |  1  2  3  4  5  6  7 |
---------------+----------------------+-----
Dodging        | 3 4 |  4.6
Spellcasting   | 3 4 |  4.3
Summonings     | 5 |  5.0
Shields        | 1 2 |  2.8
Hexes          | 1 2 |  2.1
Stealth        | 3 |  3.9
Transmutations | |  0.9

Action                   |  1- 3 |  4- 6 |  7- 9 || total
-------------------------+-------+-------+-------++-------
Melee: Whip              |    10 |       |       ||    10
       Spear             |    86 |   240 |    80 ||   406
 Cast: Summon Small Mamm |    33 |    52 |    18 ||   103
       Call Canine Famil |       |     3 |     3 ||     6
       Call Imp          |       |     7 |     3 ||    10
 Abil: Draw Destruction  |       |       |     9 ||     9
       Draw Escape       |       |       |     1 ||     1
       Draw Summoning    |       |       |     1 ||     1
  Use: Scroll            |     3 |    10 |     1 ||    14
       Potion            |       |     1 |     2 ||     3
 Stab: Distracted        |     1 |     8 |       ||     9
       Sleeping          |       |     8 |     1 ||     9
  Eat: Chunk             |     2 |    11 |       ||    13
       Ration            |       |     1 |     1 ||     2
Armor: Robe              |    16 |    43 |    38 ||    97
Dodge: Dodged            |    53 |   145 |   123 ||   321
Block: Buckler           |       |     9 |    40 ||    49
